Cogmind - Beta 12 X2 @@@ ROGUE MODE // 2022.09.15 @ 20:36:24 Player: Momo Result: Escaped! Performance ------------- Evolutions (9) 4500 Regions Visited (30) 6000 Robots Destroyed (181) 905 Value Destroyed (9016) 9016 Prototype IDs (54) 1080 Alien Tech Used (14) 2800 Bonus (13092) 13092 TOTAL SCORE: 37393 Bonus ------- Triggered High Security 500 High Alert Combat Kills 1950 Follower Combat Kills 1172 Network Hubs Disabled 200 Met Data Miner 300 Met Zhirov 300 Met Warlord at Base 500 MAIN.C Attacked Warlord 500 Warlord Defense Kills 1574 Read Decrypted Archives 300 Hacked Protovariant 500 Scanned by Researcher 500 Met Sigix 2000 Win 3000 Friendly Fire -204 Cogmind --------- Core Integrity 740/1850 Matter 416/425 Energy 1631/1632 System Corruption 13% Temperature Cool (0) Movement Walking (35) Location To Epsilon Eridani Parts ------- > --- POWER (2) -------- Particle-Quantum Reactor > --- PROPULSION (8) --- Centrium-Combat Exoskeleton > --- UTILITY (10) ----- Armored Scrap Engine Huge Storage Unit Experimental Targeting Computer Microwarp Drive > --- WEAPON (6) ------- Nova Cannon > --- INVENTORY (25) --- Combat Linear Gravjet Combat Linear Gravjet Combat Linear Gravjet Combat Linear Gravjet Combat Linear Gravjet Advanced Heat Sink Improved Energy Well (400) Advanced Energy Well (500) Matter Compressor (250) Experimental Targeting Computer Quantum Capacitor Advanced Force Field System Mapper Improved System Shield Transdimensional Reconstructor Core Reset Matrix Peak State ------------ > --- POWER ------------ Particle-Quantum Reactor > --- PROPULSION ------- Centrium-Combat Exoskeleton > --- UTILITY ---------- Armored Scrap Engine Advanced Cryofiber Web Huge Storage Unit Experimental Targeting Computer Experimental Transmission Jammer SHELL Armor Experimental Hardlight Generator > --- WEAPON ----------- Directed Nova Construct/C High-powered KE Construct/C Heavy EM Disruptor Construct/C Sigix Broadsword > --- INVENTORY -------- Combat Linear Gravjet Combat Linear Gravjet Combat Linear Gravjet Combat Linear Gravjet Combat Linear Gravjet Improved Energy Well Advanced Energy Well Matter Compressor Experimental Targeting Computer Quantum Capacitor SHELL Armor Advanced Force Field System Mapper Improved System Shield Transdimensional Reconstructor Core Reset Matrix Terrabomb Microwarp Drive Enhanced Nova Cannon [Rating: 247] Favorites ----------- Power Particle-Quantum Reactor Engine Light Angular Momentum Engine Power Core Fission Core Reactor Particle-Quantum Reactor Propulsion Improved Gravmag System Treads Light Treads Leg Centrium-Combat Exoskeleton Wheel Compact Wheel Hover Unit Improved Gravmag System Flight Unit Improved VTOL Module Utility Armored Scrap Engine Device Armored Scrap Engine Storage Large Storage Unit Processor Advanced Signal Interpreter Hackware Ghost Barrier Protection SHELL Armor Artifact Microwarp Drive Weapon Heavy EM Disruptor Construct/C Energy Gun Spread Charged HERF Construct/G Energy Cannon Heavy EM Disruptor Construct/C Ballistic Gun Light Assault Rifle Ballistic Cannon High-powered KE Construct/C Launcher Smartbomb Launcher Impact Weapon Core Stripper Slashing Weapon Molecular Scythe Piercing Weapon Spear Build | -11 -10 -9 -9 -8 -7 -7 -7 -7 -6 -6 -6 -6 -6 -6 -5 -5 -5 -5 -4 -4 -4 -4 -4 -3 -3 -3 -3 -2 -2 -1 ------- Run | Scr Mat Mat Min Mat Fac Low Low Dat Pro Fac Ext Cet Arc Hub Fac Upp Upp Zhi Pro Fac Upp Upp War Pro Res Qua Sec Res Tes Acc Slots Evolved 18 | . . 2 . 2 2 . . . . 2 . . . . 2 . . . . 2 . . . . 2 . . 2 . 2 Power 1 | . . . . . . . . . . . . . . . . . . . . . . . . . 1 . . . . . Propulsion 5 | . . 2 . . . . . . . 1 . . . . . . . . . 2 . . . . . . . . . . Utility 8 | . . . . 2 2 . . . . 1 . . . . 1 . . . . . . . . . . . . . . 2 Weapon 4 | . . . . . . . . . . . . . . . 1 . . . . . . . . . 1 . . 2 . . Parts Attached 223 | 6 . 21 1 9 7 6 2 . 3 6 17 2 . 8 12 . 1 8 2 15 . 3 6 . 1 22 27 7 16 15 Power 13 | 1 . 5 . 1 . . . . . . 1 . . . 2 . . 2 . 1 . . . . . . . . . . Engine 7 | 1 . 5 . . . . . . . . 1 . . . . . . . . . . . . . . . . . . . Core 4 | . . . . 1 . . . . . . . . . . 2 . . 1 . . . . . . . . . . . . Reactor 2 | . . . . . . . . . . . . . . . . . . 1 . 1 . . . . . . . . . . Propulsion 43 | 2 . 14 . 4 . 1 . . . 2 5 . . 3 1 . . 2 . 7 . . 1 . . 1 . . . . Treads 2 | . . 2 . . . . . . . . . . . . . . . . . . . . . . . . . . . . Leg 4 | . . . . . . . . . . . 4 . . . . . . . . . . . . . . . . . . . Wheel 2 | 2 . . . . . . . . . . . . . . . . . . . . . . . . . . . . . . Hover 7 | . . . . . . . . . . . . . . . . . . . . 7 . . . . . . . . . . Flight 28 | . . 12 . 4 . 1 . . . 2 1 . . 3 1 . . 2 . . . . 1 . . 1 . . . . Utility 107 | 1 . . 1 3 4 . . . 2 4 6 1 . 3 7 . . 4 . 2 . 1 3 . . 16 16 5 16 12 Device 63 | . . . . 1 2 . . . . 1 4 . . 2 4 . . 2 . 1 . 1 3 . . 12 8 4 12 6 Storage 9 | 1 . . . . . . . . . 1 . . . . 1 . . 1 . . . . . . . 1 1 . 1 2 Processor 10 | . . . 1 2 2 . . . 1 1 . 1 . . . . . . . . . . . . . . 1 . 1 . Hackware 7 | . . . . . . . . . 1 1 1 . . 1 2 . . . . 1 . . . . . . . . . . Protection 7 | . . . . . . . . . . . 1 . . . . . . 1 . . . . . . . 1 . . 1 3 Artifact 11 | . . . . . . . . . . . . . . . . . . . . . . . . . . 2 6 1 1 1 Weapon 60 | 2 . 2 . 1 3 5 2 . 1 . 5 1 . 2 2 . 1 . 2 5 . 2 2 . 1 5 11 2 . 3 Energy Gun 1 | 1 . . . . . . . . . . . . . . . . . . . . . . . . . . . . . . Energy Cannon 9 | . . . . . . . . . . . . . . . . . . . . . . . . . . 1 6 . . 2 Ballistic Gun 5 | 1 . 2 . . 1 . . . . . . . . . 1 . . . . . . . . . . . . . . . Ballistic Cannon 2 | . . . . . . . . . . . . 1 . 1 . . . . . . . . . . . . . . . . Launcher 16 | . . . . 1 1 1 1 . . . 4 . . 1 1 . 1 . . 1 . 1 1 . . 1 . 1 . . Special Weapon . | . . . . . . . . . . . . . . . . . . . . . . . . . . . . . . . Impact Weapon 2 | . . . . . 1 . . . . . . . . . . . . . . . . . . . . 1 . . . . Slashing Weapon 19 | . . . . . . 1 . . 1 . 1 . . . . . . . 2 4 . 1 1 . . 1 5 1 . 1 Piercing Weapon 6 | . . . . . . 3 1 . . . . . . . . . . . . . . . . . 1 1 . . . . Special Melee Weapon . | . . . . . . . . . . . . . . . . . . . . . . . . . . . . . . . Unidentified Prototypes 38 | . . 1 . . . . . . . 1 1 . . . . . . 5 . 1 1 . 3 . 1 7 7 3 6 1 Parts Lost 54 | . 1 5 . . . . . 2 . . 7 2 . 7 . . . . . . . . . 1 . 2 6 2 . 19 Power 7 | . . 2 . . . . . . . . 1 . . 1 . . . . . . . . . . . . . . . 3 Propulsion 18 | . 1 1 . . . . . . . . 3 1 . 3 . . . . . . . . . . . . 4 . . 5 Utility 13 | . . . . . . . . 1 . . 1 . . 2 . . . . . . . . . . . 2 2 2 . 3 Weapon 16 | . . 2 . . . . . 1 . . 2 1 . 1 . . . . . . . . . 1 . . . . . 8 Highest Loss Streak 9 | . 1 3 . . . . . 2 . . 2 2 . 5 . . . . . . . . . 1 . 1 2 1 . 9 To Critical Strikes 3 | . . . . . . . . . . . . 2 . . . . . . . . . . . . . . . 1 . . Average Slot Usage (%) 70 | . 85 70 88 92 70 83 92 88 87 79 78 80 80 70 64 70 70 76 82 91 89 83 82 78 69 71 55 50 53 46 Engine 1 | . 14 8 11 3 . . . . . 3 4 6 6 3 . . . . . . . . . . . . . . . . Core 1 | . . . . 5 5 7 7 7 7 2 . . . . 4 5 5 4 5 1 . . . . . . . . . . Reactor 2 | . . . . . . . . . . . . . . . . . . . . 3 5 5 5 5 4 4 4 4 4 3 Leg 1 | . . . . . . 1 7 7 7 1 3 21 20 12 . . . . . . . . . . . . . 1 1 1 Hover 7 | . . . . . . . . . . . . . . . . . . . . 30 31 30 30 30 22 22 9 1 1 1 Flight 9 | . . 18 44 36 23 23 23 23 23 20 19 6 6 9 17 17 17 23 29 4 . . . . . 1 . . 1 . Device 13 | . . . . . 16 23 23 20 15 13 10 6 6 15 17 23 18 16 17 11 15 14 15 15 13 14 16 12 13 12 Storage 5 | . 14 11 11 9 7 7 7 7 7 6 6 6 6 5 2 . . 2 5 5 5 5 5 5 4 5 4 4 4 3 Processor 4 | . . . . 24 13 7 7 7 8 6 6 12 13 6 5 5 5 5 5 5 5 5 5 5 4 4 3 . 2 3 Hackware 5 | . . . . . . . . . 3 10 13 13 13 9 6 11 11 11 11 13 10 10 10 10 9 4 . . . . Energy Gun 1 | . 14 4 . . . . . . . . . . . . . 5 5 5 . 2 5 . . . . . . 2 4 1 Energy Cannon 2 | . . . . . . . . . . . . . . . . . . . . . . . . . 1 8 5 6 8 7 Ballistic Gun 2 | . 14 15 22 9 . . . . . . 2 . . . 2 . . . 4 2 . 4 5 3 . . 3 4 5 . Slashing Weapon 1 | . . . . . . . . . 4 6 2 . . . . . . . . 8 10 7 4 . . . 2 2 . . Piercing Weapon 1 | . . . . . . 9 14 13 7 6 . . . . . . . . . . . . . . 3 . . . . . Naked Turns . | . . . . . . . . . . . . . . . . . . . . . . . . . . . . . . . Heaviest Build 210 | 13 13 13 10 17 18 18 16 16 16 32 40 39 39 40 26 18 26 37 37 48 48 49 63 49 64 90 118 125 116 210 Greatest Support 516 | 26 26 40 16 19 24 24 16 16 16 41 65 65 50 50 26 26 26 38 38 70 90 90 110 110 110 85 137 261 461 516 Greatest Overweight (x) 3 | . . 1 . . . . . . . 1 1 . . 2 . . . 1 . 1 . . . . . 1 3 . . 1 Average Overweight (x) . | . . . . . . . . . . . . . . . . . . . . . . . . . . . . . . . Largest Inventory Capacity 25 | 8 8 8 8 8 8 8 8 8 8 15 15 15 15 15 5 5 5 15 15 15 15 15 15 15 15 15 15 15 15 25 Average Capacity 13 | 7 8 8 8 8 8 8 8 8 8 12 15 15 15 14 5 5 5 9 15 15 15 15 15 15 15 15 15 15 15 22 Most Carried 25 | 3 8 8 8 8 8 8 8 8 8 13 15 15 13 13 5 5 5 13 14 15 15 15 15 15 15 15 15 15 15 25 Average Carried 12 | 1 6 6 8 7 6 7 7 7 7 9 12 13 13 9 4 5 4 7 12 14 14 14 14 15 14 14 14 14 14 19 Final Capacity 25 | 8 8 8 8 8 8 8 8 8 8 15 15 15 15 5 5 5 5 15 15 15 15 15 15 15 15 15 15 15 15 25 Final Carried 17 | 3 8 8 8 8 8 8 8 8 8 13 15 13 13 5 5 5 5 12 14 15 15 15 15 15 14 15 12 15 15 17 Class Distribution -------------------- 34% | Hacker-Mutant 21% | Construct 14% | Mutant 9% | Hacker-Sprinter 4% | Sprinter 3% | Infiltrator-Mutant 3% | Infiltrator-Construct Dominant Class ---------------- Mutant | -10/Materials Mutant | -9/Materials Scavenger-Sprinter | -9/Mines Scavenger-Sprinter | -8/Materials Scout | -7/Factory Sprinter | -7/Lower Caves Mutant | -7/Lower Caves Mutant | -7/Data Miner Derelict-Mutant | -6/Proximity Caves Hacker-Mutant | -6/Factory Hacker-Mutant | -6/Extension Hacker-Mutant | -6/Cetus Hacker-Mutant | -6/Archives Hacker-Mutant | -6/Hub_04(d) Hacker-Sprinter | -5/Factory Hacker-Sprinter | -5/Upper Caves Hacker-Sprinter | -5/Upper Caves Hacker-Sprinter | -5/Zhirov Hacker-Sprinter | -4/Proximity Caves Hacker-Mutant | -4/Factory Hacker-Mutant | -4/Upper Caves Hacker-Mutant | -4/Upper Caves Hacker-Mutant | -4/Warlord Hacker-Mutant | -3/Proximity Caves Hacker-Mutant | -3/Research Hacker-Mutant | -3/Quarantine Infiltrator-Construct | -3/Section 7 Construct | -2/Research Construct | -2/Testing Construct | -1/Access Resources | -11 -10 -9 -9 -8 -7 -7 -7 -7 -6 -6 -6 -6 -6 -6 -5 -5 -5 -5 -4 -4 -4 -4 -4 -3 -3 -3 -3 -2 -2 -1 ----------- Run | Scr Mat Mat Min Mat Fac Low Low Dat Pro Fac Ext Cet Arc Hub Fac Upp Upp Zhi Pro Fac Upp Upp War Pro Res Qua Sec Res Tes Acc Matter Collected 5073 | 220 29 205 26 60 189 157 85 . 59 150 610 7 . 216 56 37 96 . 83 105 171 103 271 380 44 191 351 320 178 674 Remotely . | . . . . . . . . . . . . . . . . . . . . . . . . . . . . . . . Salvage Created 7147 | . 147 426 . 60 82 84 . 20 45 . 512 . . 66 . . 12 . . 714 173 137 373 358 145 356 935 525 367 1610 Parts 361 | . 17 39 . 2 6 9 . 4 5 . 23 . . 1 . . 1 . . 40 3 5 13 5 2 21 36 26 23 80 Haulers Intercepted 5 | . . . . . 1 . . . . . . . . . . . . . . . . . . . 2 . 1 1 . . Recyclers Shooed 3 | . . 2 . . . . . . . . . . . . . . . . . 1 . . . . . . . . . . Parts Field Recycled 6 | . . . . . . . . . . . . . . . . . . . . . . . . . . . 6 . . . Retrieved Matter 230 | . . . . . . . . . . . . . . . . . . . . . . . . . . . 230 . . . Parts Self-Destructed 26 | . . . . . . 5 . . 1 . . . . . . . 2 . . . 10 3 . 5 . . . . . . Prevented 1 | . . . . . . . . . . . . . . . . . . . . . . 1 . . . . . . . . Kills | -11 -10 -9 -9 -8 -7 -7 -7 -7 -6 -6 -6 -6 -6 -6 -5 -5 -5 -5 -4 -4 -4 -4 -4 -3 -3 -3 -3 -2 -2 -1 ------- Run | Scr Mat Mat Min Mat Fac Low Low Dat Pro Fac Ext Cet Arc Hub Fac Upp Upp Zhi Pro Fac Upp Upp War Pro Res Qua Sec Res Tes Acc Combat Hostiles Destroyed 155 | . 8 20 . 1 2 4 . . 2 . 14 1 . 2 . . 1 . . 10 . 2 15 15 . 4 12 6 7 29 Melee 20 | . . . . . . 1 . . 2 . . . . . . . . . . 2 . . . . . 1 7 3 . 4 Guns 34 | . 8 20 . 1 . . . . . . 1 . . . . . . . . . . . . 1 . . . . 2 1 Cannons 35 | . . . . . . . . . . . 2 . . 2 . . . . . . . . . . . 2 5 . 2 22 AOE 62 | . . . . . 2 3 . . . . 11 1 . . . . 1 . . 8 . 2 15 14 . . . 3 2 . Classes Destroyed 24 | . 2 . . 1 1 1 . . . . 3 . . 1 . . . . . 3 2 . 4 . . 1 1 . . 4 Worker 7 | . . . . . . . . . . . . . . 1 . . . . . 2 . . . . . 1 . . 1 2 Builder 9 | . . . . . . . . . . . . . . . . . . . . 4 . . . . . 1 . . . 4 Hauler 5 | . . . . . 1 . . . . . . . . . . . . . . . . . . . 2 . 1 1 . . Recycler 1 | . . . . . . . . . . . . . . . . . . . . . . . . . . . 1 . . . Operator 2 | . . . . . . . . . . . . . . . . . . . . 1 . . . . . . . . . 1 Drone 7 | . . . . . . . . . . . . . . . . . . . . . . . . . . . . . . 7 Watcher 6 | . . . . . . . . . . . 2 . . . . . . . . 1 . . . . . . . 2 . 1 Swarmer 51 | . 6 16 . . 2 3 . . 2 . . . . . . . . . . . . . 3 6 . . 2 3 4 4 Cutter 3 | . . . . . . . . . . . . . . . . . . . . . . . . . . . . . . 3 Saboteur 4 | . . . . . . . . . . . . . . . . . . . . . . . 4 . . . . . . . Grunt 36 | . 2 4 . . . . . . . . 10 . . . . . 1 . . 6 . . 5 1 . . 3 1 . 3 Brawler 5 | . . . . . . . . . . . 1 . . . . . . . . . . . . 4 . . . . . . Duelist 5 | . . . . . . . . . . . 1 . . . . . . . . . . . . 4 . . . . . . Protector 1 | . . . . . . . . . . . . . . . . . . . . . . . 1 . . . . . . . Researcher 1 | . . . . . . . . . . . . . . . . . . . . . . . . . . 1 . . . . Sentry 9 | . . . . 1 . . . . . . . . . . . . . . . . . . . . . 1 4 1 . 2 Hunter 12 | . . . . . . 1 . . . . 1 . . 2 . . . . . 2 . . . . . . 2 . 1 3 Programmer 15 | . . . . . . . . . . . . . . . . . . . . 2 . 2 . . . 3 . 1 2 5 Heavy 1 | . . . . . . . . . . . . . . . . . . . . . . . . . . . . . . 1 Q-Series 1 | . . . . . . . . . . . . . . . . . . . . . . . . . . . . . . 1 Cetus Guard 1 | . . . . . . . . . . . . 1 . . . . . . . . . . . . . . . . . . Investigator 1 | . . . . . . . . . . . . . . . . . . . . . . . . . . . . . 1 . Striker 1 | . . . . . . . . . . . . . . . . . . . . . . . 1 . . . . . . . Executioner 1 | . . . . . . . . . . . . . . . . . . . . . . . 1 . . . . . . . Alpha 7 1 | . . . . . . . . . . . . . . . . . . . . . . . . . . . 1 . . . Decomposer 2 | . . . . . . . . . . . . . . . . . . . . . 2 . . . . . . . . . Packrat 1 | . . . . . . . . . . . . . . . . . . . . . 1 . . . . . . . . . Samaritan 4 | . . . . . . . . . . . . . . . . . . . . . 1 2 . 1 . . . . . . Thug 1 | . . . . . . . . . . . 1 . . . . . . . . . . . . . . . . . . . Best Kill Streak 15 | . 7 10 . 1 2 3 . 1 2 . 5 1 . 3 . . 1 . . 12 . 2 15 7 2 3 5 4 4 11 Combat Bots Only 15 | . 7 10 . 1 2 3 . . 2 . 5 1 . 2 . . 1 . . 8 . 2 15 7 . 2 4 4 4 7 Max Kills in Single Turn 5 | . 1 2 . 1 2 2 . 1 1 . 2 1 . 1 . . 1 . . 5 1 1 4 3 1 1 2 2 2 4 Gunslinging 1 | . . 1 . . . . . . . . . . . . . . . . . . . . . . . . . . . . Exploded 4 | . . . . . 2 2 . . . . 2 1 . . . . 1 . . 4 . 1 4 3 . . . 2 2 . Melee 1 | . . . . . . 1 . . 1 . . . . . . . . . . 1 . . . . . 1 1 1 . 1 Uniques/NPCs Destroyed 1 | . . . . . . . . 1 . . . . . . . . . . . . . . . . . . . . . . Data Miner (-7/Data Miner) Combat | -11 -10 -9 -9 -8 -7 -7 -7 -7 -6 -6 -6 -6 -6 -6 -5 -5 -5 -5 -4 -4 -4 -4 -4 -3 -3 -3 -3 -2 -2 -1 -------- Run | Scr Mat Mat Min Mat Fac Low Low Dat Pro Fac Ext Cet Arc Hub Fac Upp Upp Zhi Pro Fac Upp Upp War Pro Res Qua Sec Res Tes Acc Damage Taken 20249 | . 268 588 . 14 31 199 . 190 35 119 1233 178 . 992 77 . . . . 326 56 49 21 92 44 1257 3004 1676 718 9082 Core 4134 | . 97 124 . . 18 64 . 47 . 6 241 24 . 85 . . . . . . 27 . . . . 65 1080 877 269 1110 Absorbed by Shields 4612 | . . . . . . . . . . . 126 . . . . . . . . . . . 21 22 . 263 190 599 321 3070 Redirected to Core 511 | . . . . . . . . . . . . . . . . . . . . . . . . . . . 360 151 . . Regen/Repaired (Parts) 3260 | . . . . . . . . . . . 49 . . . . . . . . . . . 16 . . . 503 173 . 2519 Core Remaining (%) 68 | 100 61 . 69 100 . . . . 81 . . . . 58 . . . . 100 . . . . 97 . . 15 . 28 40 Volleys Fired 413 | . 19 55 . 3 1 3 2 . . . 39 12 . 24 . . 4 . . . . 6 8 29 . 28 26 14 49 91 Largest 4 | . 2 2 . 2 1 1 1 . . . 1 1 . 1 . . 1 . . . . 1 1 1 . 2 2 4 2 3 Hottest 547 | . 70 70 . 40 33 33 33 . . . 46 57 . 57 . . 46 . . . . 46 46 65 . 170 383 381 185 547 Shots Fired 522 | . 38 98 . 6 1 3 2 . . . 39 12 . 24 . . 4 . . . . 6 8 29 . 32 34 35 50 101 Gun 211 | . 38 98 . 6 . . . . . . 18 . . . . . . . . . . . . 3 . . 10 14 21 3 Cannon 232 | . . . . . . . . . . . 9 3 . 22 . . . . . . . . . . . 29 24 18 29 98 Launcher 79 | . . . . . 1 3 2 . . . 12 9 . 2 . . 4 . . . . 6 8 26 . 3 . 3 . . Special . | . . . . . . . . . . . . . . . . . . . . . . . . . . . . . . . Kinetic 185 | . 19 69 . 6 . . . . . . 27 3 . 22 . . . . . . . . . 3 . . 10 9 . 17 Thermal 239 | . 19 29 . . . . . . . . . . . . . . . . . . . . . . . 24 16 23 48 80 Explosive 76 | . . . . . 1 3 2 . . . 12 9 . 2 . . 4 . . . . 6 8 26 . 3 . . . . Electromagnetic 22 | . . . . . . . . . . . . . . . . . . . . . . . . . . 5 8 3 2 4 Robot Hit Streak 18 | . 7 14 . 6 7 . . . . . 3 7 . 5 . . . . . . . . . 6 . 4 4 6 9 18 Robot Miss Streak 7 | . 4 3 . . . . . . . . 4 1 . 3 . . . . . . . . . 2 . 3 1 4 7 4 Penetration Max 4 | . . . . . . . . . . . . . . 1 . . . . . . . . . . . . 2 . . 4 Secondary Targets 3 | . 2 1 . . . . . . . . . . . . . . . . . . . . . . . . . . . . Max Gunslinging Chain 1 | . 1 1 . . . . . . . . . . . . . . . . . . . . . . . . . . . . Shots Hit Robots 353 | . 22 64 . 6 2 3 . 1 2 4 28 6 . 12 . . . . . 13 4 3 . 1 8 24 35 30 10 75 Core Hits 343 | . 11 28 . 3 3 5 . 1 2 2 40 23 . 3 . . 4 . . 15 2 6 51 54 2 9 15 17 9 38 Critical Kills 9 | . . . . . 1 . . . . . . . . 2 . . . . . . . . . . . . 4 . 1 1 Critical Parts Destroyed 10 | . . . . . . . . . . . . 2 . 6 . . . . . . . . . . . . 2 . . . Critical Strikes 40 | . 2 1 . . 1 . . . 1 . 2 2 . 8 . . . . . 1 . . . . 2 . 11 2 2 5 Burn 3 | . 2 1 . . . . . . . . . . . . . . . . . . . . . . . . . . . . Meltdown 2 | . . . . . . . . . . . . . . . . . . . . . . . . . . . . . 1 1 Destroy 18 | . . . . . . . . . . . . 2 . 8 . . . . . . . . . . . . 8 . . . Blast 2 | . . . . . . . . . . . . . . . . . . . . . . . . . . . . . . 2 Corrupt 3 | . . . . . . . . . . . . . . . . . . . . . . . . . . . . . 1 2 Smash 1 | . . . . . 1 . . . . . . . . . . . . . . . . . . . . . . . . . Sever 8 | . . . . . . . . . . . 2 . . . . . . . . 1 . . . . . . 3 2 . . Impale 1 | . . . . . . . . . 1 . . . . . . . . . . . . . . . . . . . . . Sunder 2 | . . . . . . . . . . . . . . . . . . . . . . . . . 2 . . . . . Melee Attacks 273 | . . . . . 3 14 16 1 10 31 20 . . . . . . . 1 30 6 8 7 . 15 18 50 23 . 20 Kinetic 9 | . . . . . . . . . . . . . . . . . . . . . . . . . . 9 . . . . Impact 8 | . . . . . 3 5 . . . . . . . . . . . . . . . . . . . . . . . . Slashing 183 | . . . . . . 1 . . . 17 20 . . . . . . . 1 30 6 8 7 . . . 50 23 . 20 Piercing 49 | . . . . . . 8 16 1 10 14 . . . . . . . . . . . . . . . . . . . . Entropic 24 | . . . . . . . . . . . . . . . . . . . . . . . . . 15 9 . . . . Sneak Attacks 17 | . . . . . 1 . . 1 . 1 . . . . . . . . . 3 4 3 . . 1 1 2 . . . Combat Hostiles . | . . . . . . . . . . . . . . . . . . . . . . . . . . . . . . . Follow-up Attacks 4 | . . . . . . . . . . . . . . . . . . . . 3 . 1 . . . . . . . . Damage Inflicted 32227 | . 260 627 . 40 241 317 . 60 65 158 2812 1069 . 271 . . 242 . . 2621 459 644 2432 4647 830 1012 3864 2068 925 6563 Guns 2525 | . 260 627 . 40 . . . . . . 227 . . . . . . . . . . . . 21 . . 26 256 167 901 Cannons 8888 | . . . . . . . . . . . 133 61 . 271 . . . . . . . . . . . 423 1736 527 641 5096 Explosions 13101 | . . . . . 122 228 . . . . 2097 1008 . . . . 242 . . 1700 . 283 2432 4626 . . . 246 117 . Melee 7672 | . . . . . 119 89 . 60 65 158 355 . . . . . . . . 921 459 361 . . 830 589 2102 998 . 566 Ramming 41 | . . . . . . . . . . . . . . . . . . . . . . . . . . . . 41 . . Kinetic 2533 | . 82 364 . 40 . . . . . . 360 61 . 271 . . . . . . . . . 21 . 449 26 132 . 727 Thermal 10060 | . 178 263 . . . . . . . . . . . . . . . . . 1700 . . . . . 353 1695 756 762 4353 Explosive 11038 | . . . . . 122 228 . . . . 2097 1008 . . . . 242 . . . . 283 2432 4626 . . . . . . Electromagnetic 1332 | . . . . . . . . . . . . . . . . . . . . . . . . . . 70 41 141 163 917 Impact 119 | . . . . . 119 . . . . . . . . . . . . . . . . . . . . . . . . . Slashing 5762 | . . . . . . . . . . . 355 . . . . . . . . 921 459 361 . . . . 2102 998 . 566 Piercing 372 | . . . . . . 89 . 60 65 158 . . . . . . . . . . . . . . . . . . . . Entropic 970 | . . . . . . . . . . . . . . . . . . . . . . . . . 830 140 . . . . Highest Corruption 13 | . . 2 2 . . . . . . 1 1 1 1 3 . . . . . 1 1 1 1 . 1 10 12 1 2 13 Average Corruption 3 | . . 2 2 . . . . . . 1 1 1 1 1 . . . . . 1 1 1 1 . 1 3 10 1 1 6 Corruption Purged . | . . . . . . . . . . . . . . . . . . . . . . . . . . . . . . . Corruption Blocked . | . . . . . . . . . . . . . . . . . . . . . . . . . . . . . . . Effects 118 | . . . 2 . . . . . . 4 8 . 1 2 . . . . . 2 . 3 . . . 13 31 1 8 43 Message Errors 32 | . . . 1 . . . . . . 2 2 . . 1 . . . . . 1 . . . . . 3 9 . 3 10 Matter Fused 26 | . . . . . . . . . . . 2 . 1 1 . . . . . 1 . . . . . 3 11 . 1 6 Heat Flow Errors 13 | . . . 1 . . . . . . . 2 . . . . . . . . . . 1 . . . 1 1 . 3 4 Energy Discharges 7 | . . . . . . . . . . . 1 . . . . . . . . . . . . . . . 2 . . 4 Parts Rejected 2 | . . . . . . . . . . . . . . . . . . . . . . . . . . 1 . . . 1 Data Loss (minor) 11 | . . . . . . . . . . 1 1 . . . . . . . . . . . . . . 1 5 . 1 2 Data Loss (major) 12 | . . . . . . . . . . 1 . . . . . . . . . . . 2 . . . 3 2 1 . 3 Alerts 1 | . . . . . . . . . . . . . . . . . . . . . . . . . . . . . . 1 Misdirections 10 | . . . . . . . . . . . . . . . . . . . . . . . . . . . 1 . . 9 Weapon Failures 4 | . . . . . . . . . . . . . . . . . . . . . . . . . . 1 . . . 3 Overload Shots . | . . . . . . . . . . . . . . . . . . . . . . . . . . . . . . . Overflow Damage 1946 | . . . . . . . . . . . 47 1 . . . . . . . 370 203 93 . 112 20 108 236 . 88 668 Projectiles 758 | . . . . . . . . . . . . . . . . . . . . . . . . . . . 61 . 88 609 Explosions 392 | . . . . . . . . . . . 47 1 . . . . . . . 232 . . . 112 . . . . . . Melee 796 | . . . . . . . . . . . . . . . . . . . . 138 203 93 . . 20 108 175 . . 59 Knockbacks 13 | . . . . . . . . . . . 2 . . 6 . . . . . . . . . . . . . . . 5 Impact . | . . . . . . . . . . . . . . . . . . . . . . . . . . . . . . . Kinetic 13 | . . . . . . . . . . . 2 . . 6 . . . . . . . . . . . . . . . 5 Secondary . | . . . . . . . . . . . . . . . . . . . . . . . . . . . . . . . Self-Inflicted Damage 65 | . . . . . . . . . . . 12 . . . . . . . . . . 8 . . . 13 . . . 32 Shots 4 | . . . . . . . . . . . 1 . . . . . . . . . . 1 . . . 1 . . . 1 Rammed . | . . . . . . . . . . . . . . . . . . . . . . . . . . . . . . . Targets Rammed 1 | . . . . . . . . . . . . . . . . . . . . . . . . . . . . 1 . . Kicked 1 | . . . . . . . . . . . . . . . . . . . . . . . . . . . . 1 . . Crushed . | . . . . . . . . . . . . . . . . . . . . . . . . . . . . . . . Highest Temperature 727 | . 200 111 155 2 . . . . . . 110 . . . . . . . . . . 103 . 61 . 144 528 705 418 727 Average Temperature 148 | . 84 47 79 2 . . . . . . 20 . . . . . . . . . . 57 . 33 . 38 178 203 109 221 Received Heat Transfer 1170 | . 54 78 . 9 . . . . . 30 372 . . 18 . . . . . . 9 . . . . 82 84 51 14 369 Effects 30 | . . . . . . . . . . . . . . . . . . . . . . . . . . . 3 6 3 18 Shutdowns 4 | . . . . . . . . . . . . . . . . . . . . . . . . . . . . 1 2 1 Energy Bleed 8 | . . . . . . . . . . . . . . . . . . . . . . . . . . . 2 1 1 4 Interference 7 | . . . . . . . . . . . . . . . . . . . . . . . . . . . . 2 . 5 Matter Decay 4 | . . . . . . . . . . . . . . . . . . . . . . . . . . . . . . 4 Short Circuit 3 | . . . . . . . . . . . . . . . . . . . . . . . . . . . . 1 . 2 Damage (minor) 3 | . . . . . . . . . . . . . . . . . . . . . . . . . . . 1 . . 2 Damage (core) 1 | . . . . . . . . . . . . . . . . . . . . . . . . . . . . 1 . . Siege Activations . | . . . . . . . . . . . . . . . . . . . . . . . . . . . . . . . Robots Corrupted 1 | . . . . . . . . . . . . . . . . . . . . . . . . . . . . . . 1 Combat Hostiles 1 | . . . . . . . . . . . . . . . . . . . . . . . . . . . . . . 1 Parts Fried 2 | . . . . . . . . . . . . . . . . . . . . . . . . . . . . . 1 1 Impact Corruptions . | . . . . . . . . . . . . . . . . . . . . . . . . . . . . . . . Robots Melted 3 | . . . . . . . . . . . . . . . . . . . . . . . . . . . . . 1 2 Combat Hostiles 2 | . . . . . . . . . . . . . . . . . . . . . . . . . . . . . 1 1 Parts Melted 7 | . . 2 . . . . . . . . . . . . . . . . . 1 . . . . . . . . 2 2 Heat Transferred 4184 | . 666 851 . . . . . . . . . . . . . . . . . 1050 . . . . . . . 470 37 1110 Parts Sabotaged 3 | . . . . . . . . . . . . . . . . . . . . . . . . . . . . . . 3 Parts Stolen . | . . . . . . . . . . . . . . . . . . . . . . . . . . . . . . . Parts Stripped . | . . . . . . . . . . . . . . . . . . . . . . . . . . . . . . . Power Chain Reactions 3 | . . . . . 1 . . . . . . . . . . . . . . . . . . . . . . 1 1 . Missiles Intercepted . | . . . . . . . . . . . . . . . . . . . . . . . . . . . . . . . Alert | -11 -10 -9 -9 -8 -7 -7 -7 -7 -6 -6 -6 -6 -6 -6 -5 -5 -5 -5 -4 -4 -4 -4 -4 -3 -3 -3 -3 -2 -2 -1 ------- Run | Scr Mat Mat Min Mat Fac Low Low Dat Pro Fac Ext Cet Arc Hub Fac Upp Upp Zhi Pro Fac Upp Upp War Pro Res Qua Sec Res Tes Acc Peak Influence 3966 | . 198 569 221 145 255 . . . . 128 819 535 239 159 186 . . . . 947 . . . . 390 342 640 1003 1265 3966 Initial 758 | . . 79 221 85 13 . . . . 34 5 432 214 76 58 . . . . . . . . . 263 209 192 360 564 758 Average 624 | . 134 324 221 99 145 . . . . 43 370 514 217 97 115 . . . . 204 . . . . 323 158 382 701 837 2086 Maximum Alert Level 5 | . . 2 1 . 1 . . . . . 3 2 1 . . . . . . 3 . . . . 1 1 2 3 4 5 Low Security (%) 34 | 100 100 18 . 100 67 . . . . 100 33 . . 100 100 . . . . 69 . . . . . 64 . . . . Level 1 21 | . . 62 100 . 32 . . . . . 23 . 100 . . . . . . 13 . . . . 100 35 64 5 . . Level 2 15 | . . 19 . . . . . . . . 26 100 . . . . . . . 4 . . . . . . 34 54 29 . Level 3 12 | . . . . . . . . . . . 16 . . . . . . . . 13 . . . . . . . 39 55 13 Level 4 6 | . . . . . . . . . . . . . . . . . . . . . . . . . . . . . 14 32 Level 5 . | . . . . . . . . . . . . . . . . . . . . . . . . . . . . . . 2 High Security 8 | . . . . . . . . . . . . . . . . . . . . . . . . . . . . . . 51 Max Security . | . . . . . . . . . . . . . . . . . . . . . . . . . . . . . . . Squads Dispatched 84 | . 1 2 . . 3 . . . . 4 5 . . 5 . . . . . 5 . . . 1 1 4 9 2 8 34 Investigation 8 | . 1 . . . 1 . . . . 3 . . . 1 . . . . . 1 . . . . . . . . . 1 Extermination 8 | . . . . . . . . . . . . . . 1 . . . . . 1 . . . . . 1 2 . 2 1 Reinforcement 33 | . . 2 . . 2 . . . . 1 2 . . 1 . . . . . 3 . . . . 1 3 5 2 3 8 Assault 33 | . . . . . . . . . . . 3 . . . . . . . . . . . . 1 . . 2 . 3 24 Garrison 2 | . . . . . . . . . . . . . . 2 . . . . . . . . . . . . . . . . Intercept . | . . . . . . . . . . . . . . . . . . . . . . . . . . . . . . . Searches Triggered 1 | . . . . . . . . . . . . . . . . . . . . . . . . . . . . . 1 . Construction Impeded 2 | . . . . . . . . . . . 1 . . . . . . . . . . . . . . . . . . 1 Haulers Reinforced 4 | . . . . . . . . . . 1 . . . . . . . . . 1 . . . . 1 . . 1 . . Active Scanning Responses . | . . . . . . . . . . . . . . . . . . . . . . . . . . . . . . . Cargo Convoy Interrupts . | . . . . . . . . . . . . . . . . . . . . . . . . . . . . . . . Stealth | -11 -10 -9 -9 -8 -7 -7 -7 -7 -6 -6 -6 -6 -6 -6 -5 -5 -5 -5 -4 -4 -4 -4 -4 -3 -3 -3 -3 -2 -2 -1 --------- Run | Scr Mat Mat Min Mat Fac Low Low Dat Pro Fac Ext Cet Arc Hub Fac Upp Upp Zhi Pro Fac Upp Upp War Pro Res Qua Sec Res Tes Acc Distress Signals 39 | . 3 1 . . 1 . . . . . 1 . . . . . 1 . . 3 . . 2 . 1 6 2 9 2 7 Communications Jammed 122 | . . . . . . . . . . . . . . . . . . . . 3 . . . . . 19 34 17 11 38 Distress Signals 119 | . . . . . . . . . . . . . . . . . . . . 3 . . . . . 19 34 14 11 38 Times Spotted 566 | . 12 27 . 3 9 4 . 4 4 5 56 5 . 12 5 . 4 . 2 25 2 1 16 14 3 30 50 42 45 186 Peak Tracking Total 41 | . 5 10 . 2 4 3 . 4 3 3 11 5 . 8 3 . 4 . 4 10 2 1 12 8 2 11 20 8 12 41 Tactical Retreats 91 | . . . . . 2 . . . 1 2 9 . . . 1 . 2 . . 4 1 . . 2 1 6 7 8 9 36 Traps | -11 -10 -9 -9 -8 -7 -7 -7 -7 -6 -6 -6 -6 -6 -6 -5 -5 -5 -5 -4 -4 -4 -4 -4 -3 -3 -3 -3 -2 -2 -1 ------- Run | Scr Mat Mat Min Mat Fac Low Low Dat Pro Fac Ext Cet Arc Hub Fac Upp Upp Zhi Pro Fac Upp Upp War Pro Res Qua Sec Res Tes Acc Traps Triggered 10 | . 1 . . . . . . . . . . . . . 2 . . . . . . . . . . 1 . . . 6 Indirectly . | . . . . . . . . . . . . . . . . . . . . . . . . . . . . . . . Trap Hack Attempts . | . . . . . . . . . . . . . . . . . . . . . . . . . . . . . . . Triggered . | . . . . . . . . . . . . . . . . . . . . . . . . . . . . . . . Disarmed 5 | . . . . . . . . . . . 5 . . . . . . . . . . . . . . . . . . . Reprogrammed . | . . . . . . . . . . . . . . . . . . . . . . . . . . . . . . . Reused . | . . . . . . . . . . . . . . . . . . . . . . . . . . . . . . . Traps Extracted . | . . . . . . . . . . . . . . . . . . . . . . . . . . . . . . . Installed . | . . . . . . . . . . . . . . . . . . . . . . . . . . . . . . . Triggered 9 | . . . . . . . . . . . . . . . . . . . . . . 3 6 . . . . . . . Machines | -11 -10 -9 -9 -8 -7 -7 -7 -7 -6 -6 -6 -6 -6 -6 -5 -5 -5 -5 -4 -4 -4 -4 -4 -3 -3 -3 -3 -2 -2 -1 ---------- Run | Scr Mat Mat Min Mat Fac Low Low Dat Pro Fac Ext Cet Arc Hub Fac Upp Upp Zhi Pro Fac Upp Upp War Pro Res Qua Sec Res Tes Acc Machines Disabled 64 | . . . . . . . 1 . . . 4 . . . . . . . . 10 . . . 1 . 8 12 3 16 9 Max in Single Turn 5 | . . . . . . . 1 . . . 1 . . . . . . . . 5 . . . 1 . 1 3 1 3 2 Garrison Access 4 | . . . . . . . . . . . . . . . 1 . . . . . . . . . 1 1 . 1 . . Network Hub 1 | . . . . . . . . . . . . . . 1 . . . . . . . . . . . . . . . . Machines Sabotaged . | . . . . . . . . . . . . . . . . . . . . . . . . . . . . . . . Overloaded Fab Kills 3 | . . . . . 3 . . . . . . . . . . . . . . . . . . . . . . . . . Hacking | -11 -10 -9 -9 -8 -7 -7 -7 -7 -6 -6 -6 -6 -6 -6 -5 -5 -5 -5 -4 -4 -4 -4 -4 -3 -3 -3 -3 -2 -2 -1 --------- Run | Scr Mat Mat Min Mat Fac Low Low Dat Pro Fac Ext Cet Arc Hub Fac Upp Upp Zhi Pro Fac Upp Upp War Pro Res Qua Sec Res Tes Acc Machines Accessed 121 | . 1 1 . 4 5 2 . 4 . 7 12 1 1 4 6 . 2 6 . 9 1 . 9 . 6 14 10 4 6 6 Terminals 74 | . 1 1 . 4 3 . . . . 5 12 1 . 3 2 . . . . 6 . . . . 3 12 9 3 5 4 Fabricators 8 | . . . . . 1 . . . . 2 . . . . . . . . . 2 . . . . 1 . . . 1 1 Repair Stations 2 | . . . . . . . . . . . . . . . 2 . . . . . . . . . . . . . . . Recycling Units . | . . . . . . . . . . . . . . . . . . . . . . . . . . . . . . . Scanalyzers 4 | . . . . . 1 . . . . . . . . . 1 . . . . . . . . . 1 1 . . . . Garrison Access 8 | . . . . . . . . . . . . . . 1 1 . . . . 1 . . . . 1 1 1 1 . 1 Total Hacks 456 | . 1 2 . 9 11 4 . 29 . 36 38 1 25 21 24 . 3 28 . 81 1 . 11 . 19 39 35 10 16 12 Successful 258 | . 1 2 . 2 3 4 . 29 . 26 21 1 25 8 9 . 3 28 . 38 1 . 11 . 8 15 13 1 6 3 Failed 198 | . . . . 7 8 . . . . 10 17 . . 13 15 . . . . 43 . . . . 11 24 22 9 10 9 Catastrophic 45 | . . . . 2 3 . . . . 2 6 . . 2 2 . . . . 10 . . . . 2 5 3 3 2 3 Database Lockouts . | . . . . . . . . . . . . . . . . . . . . . . . . . . . . . . . Manual 159 | . . . . 7 2 . . . . 29 10 . 1 21 8 . . . . 29 . . 1 . 4 11 21 2 6 7 Terminals 289 | . 1 2 . 9 8 . . . . 25 38 1 . 17 10 . . . . 71 . . . . 11 33 34 8 13 8 Fabricators 28 | . . . . . 2 . . . . 11 . . . . . . . . . 7 . . . . 2 . . . 3 3 Repair Stations 7 | . . . . . . . . . . . . . . . 7 . . . . . . . . . . . . . . . Recycling Units . | . . . . . . . . . . . . . . . . . . . . . . . . . . . . . . . Scanalyzers 14 | . . . . . 1 . . . . . . . . . 6 . . . . . . . . . 5 2 . . . . Garrison Access 17 | . . . . . . . . . . . . . . 4 1 . . . . 3 . . . . 1 4 1 2 . 1 Terminal Hacks 186 | . 1 2 . 2 2 4 . 29 . 9 15 1 25 2 3 . 3 28 . 26 1 . 11 . 2 7 8 1 3 1 Record 69 | . . . . . . 3 . 11 . . . . 25 . . . 2 16 . . . . 10 . . 2 . . . . Part Schematic 23 | . . . . . . . . 10 . 1 . . . . . . . 4 . 8 . . . . . . . . . . Robot Schematic 7 | . . . . . . . . 5 . . . . . . . . . . . 2 . . . . . . . . . . Robot Analysis 5 | . . . . . . . . . . . 1 . . . . . . 4 . . . . . . . . . . . . Prototype ID Bank 9 | . . 1 . . . . . 3 . . . . . . . . . 4 . 1 . . . . . . . . . . Open Door 18 | . . . . . . 1 . . . . 8 1 . . . . 1 . . . 1 . 1 . 1 1 3 . . . Open DSF 1 | . . . . . . . . . . . . . . . . . . . . . . . . . 1 . . . . . Level Access Points 1 | . 1 . . . . . . . . . . . . . . . . . . . . . . . . . . . . . Branch Access Points 4 | . . . . . 1 . . . . 1 . . . . 1 . . . . 1 . . . . . . . . . . Emergency Access Points 4 | . . . . . . . . . . . . . . . 1 . . . . 2 . . . . . . 1 . . . Machine Index 2 | . . . . . . . . . . 1 . . . . . . . . . 1 . . . . . . . . . . Terminal Index 5 | . . . . . . . . . . . 1 . . 1 . . . . . . . . . . . 1 1 1 . . Alert Level 2 | . . . . . . . . . . 1 . . . . . . . . . 1 . . . . . . . . . . Unreport Threat 7 | . . . . 1 . . . . . 1 . . . . . . . . . 1 . . . . . 2 1 . . 1 Locate Traps 9 | . . 1 . . . . . . . 1 1 . . 1 . . . . . 3 . . . . . . 2 . . . Disarm Traps 1 | . . . . . . . . . . . 1 . . . . . . . . . . . . . . . . . . . Surveillance Status 1 | . . . . . . . . . . . 1 . . . . . . . . . . . . . . . . . . . Patrol Status 2 | . . . . . . . . . . 1 1 . . . . . . . . . . . . . . . . . . . Recall Investigation 4 | . . . . . . . . . . 2 . . . . . . . . . 2 . . . . . . . . . . Registered Components 1 | . . . . . . . . . . . . . . . . . . . . 1 . . . . . . . . . . Registered Prototypes 1 | . . . . . . . . . . . . . . . . . . . . 1 . . . . . . . . . . Zone Layout 9 | . . . . 1 1 . . . . . 1 . . . 1 . . . . 2 . . . . . 1 . . 2 . Protovariant Controls 1 | . . . . . . . . . . . . . . . . . . . . . . . . . . . . . 1 . Fabricator Hacks 9 | . . . . . . . . . . 4 . . . . . . . . . 3 . . . . 1 . . . 1 . Load Schematic 3 | . . . . . . . . . . 2 . . . . . . . . . 1 . . . . . . . . . . Build 6 | . . . . . . . . . . 2 . . . . . . . . . 2 . . . . 1 . . . 1 . Repair Station Hacks 1 | . . . . . . . . . . . . . . . 1 . . . . . . . . . . . . . . . Scan Component 1 | . . . . . . . . . . . . . . . 1 . . . . . . . . . . . . . . . Recycling Unit Hacks . | . . . . . . . . . . . . . . . . . . . . . . . . . . . . . . . Scanalyzer 6 | . . . . . . . . . . . . . . . 2 . . . . . . . . . 3 1 . . . . Insert Component 4 | . . . . . . . . . . . . . . . 1 . . . . . . . . . 2 1 . . . . Analyze 2 | . . . . . . . . . . . . . . . 1 . . . . . . . . . 1 . . . . . Garrison Access Hacks 3 | . . . . . . . . . . . . . . . 1 . . . . . . . . . 1 1 . . . . Seal Access 3 | . . . . . . . . . . . . . . . 1 . . . . . . . . . 1 1 . . . . Unauthorized Hacks 53 | . . . . . 1 . . . . 13 6 . . 6 2 . . . . 9 . . . . 1 6 5 . 2 2 Terminals 41 | . . . . . . . . . . 9 6 . . 4 2 . . . . 5 . . . . . 6 5 . 2 2 Track 5 | . . . . . . . . . . 1 . . . . . . . . . . . . . . . 1 1 . 2 . Assimilate 6 | . . . . . . . . . . 3 1 . . . . . . . . 1 . . . . . 1 . . . . Botnet 21 | . . . . . . . . . . 4 2 . . 2 2 . . . . 3 . . . . . 4 2 . . 2 Detonate 1 | . . . . . . . . . . . . . . . . . . . . 1 . . . . . . . . . . Disrupt 4 | . . . . . . . . . . . 2 . . 1 . . . . . . . . . . . . 1 . . . Operators 4 | . . . . . . . . . . 1 1 . . 1 . . . . . . . . . . . . 1 . . . Fabricators 8 | . . . . . 1 . . . . 4 . . . . . . . . . 2 . . . . 1 . . . . . Report 1 | . . . . . . . . . . 1 . . . . . . . . . . . . . . . . . . . . Prioritize 5 | . . . . . . . . . . 2 . . . . . . . . . 2 . . . . 1 . . . . . Liberate 1 | . . . . . . . . . . 1 . . . . . . . . . . . . . . . . . . . . Overload 1 | . . . . . 1 . . . . . . . . . . . . . . . . . . . . . . . . . Repair Stations . | . . . . . . . . . . . . . . . . . . . . . . . . . . . . . . . Recycling Units . | . . . . . . . . . . . . . . . . . . . . . . . . . . . . . . . Scanalyzers . | . . . . . . . . . . . . . . . . . . . . . . . . . . . . . . . Garrison Access 4 | . . . . . . . . . . . . . . 2 . . . . . 2 . . . . . . . . . . Redirect 2 | . . . . . . . . . . . . . . 1 . . . . . 1 . . . . . . . . . . Reprogram 2 | . . . . . . . . . . . . . . 1 . . . . . 1 . . . . . . . . . . Data Cores Recovered 1 | . . . . . . . . . . . . . . . . . . . . . . . . . . . . . . 1 Used . | . . . . . . . . . . . . . . . . . . . . . . . . . . . . . . . Hacking Detections 71 | . . 1 . 3 5 . . . . 7 5 . . 4 4 . . . . 7 . . . . 4 10 8 4 3 6 Full Trace Events 5 | . . . . . . . . . . 3 . . . . . . . . . 1 . . . . . . . . . 1 Feedback Events 1 | . . . . . . . . . . 1 . . . . . . . . . . . . . . . . . . . . Corruption 1 | . . . . . . . . . . 1 . . . . . . . . . . . . . . . . . . . . Feedback Blocked . | . . . . . . . . . . . . . . . . . . . . . . . . . . . . . . . Robot Schematics Acquired 7 | . . . . . . . . 5 . . . . . . . . . . . 2 . . . . . . . . . . Robots Built 4 | . . . . . . . . . . . . . . . . . . . . 2 . . . . 1 . . . 1 . Authchips . | . . . . . . . . . . . . . . . . . . . . . . . . . . . . . . . Time 277 | . . . . . . . . . . . . . . . . . . . . 169 . . . . 27 . . . 81 . Total Robot Build Rating 14 | . . . . . . . . . . . . . . . . . . . . 12 . . . . 1 . . . 1 . Part Schematics Acquired 24 | . . . . . . . . 10 . 1 . . . . . . . 4 . 8 . . . . 1 . . . . . Parts Built 3 | . . . . . . . . . . 2 . . . . . . . . . 1 . . . . . . . . . . Authchips . | . . . . . . . . . . . . . . . . . . . . . . . . . . . . . . . Time 222 | . . . . . . . . . . 129 . . . . . . . . . 93 . . . . . . . . . . Total Part Build Rating 18 | . . . . . . . . . . 11 . . . . . . . . . 7 . . . . . . . . . . Parts Repaired . | . . . . . . . . . . . . . . . . . . . . . . . . . . . . . . . Time . | . . . . . . . . . . . . . . . . . . . . . . . . . . . . . . . Parts Recycled . | . . . . . . . . . . . . . . . . . . . . . . . . . . . . . . . Recycled Matter . | . . . . . . . . . . . . . . . . . . . . . . . . . . . . . . . Retrieved Matter . | . . . . . . . . . . . . . . . . . . . . . . . . . . . . . . . Retrieved Components . | . . . . . . . . . . . . . . . . . . . . . . . . . . . . . . . Parts Scanalyzed 2 | . . . . . . . . . . . . . . . 1 . . . . . . . . . 1 . . . . . Part Schematics Acquired 1 | . . . . . . . . . . . . . . . . . . . . . . . . . 1 . . . . . Parts Damaged . | . . . . . . . . . . . . . . . . . . . . . . . . . . . . . . . Bothacking | -11 -10 -9 -9 -8 -7 -7 -7 -7 -6 -6 -6 -6 -6 -6 -5 -5 -5 -5 -4 -4 -4 -4 -4 -3 -3 -3 -3 -2 -2 -1 ------------ Run | Scr Mat Mat Min Mat Fac Low Low Dat Pro Fac Ext Cet Arc Hub Fac Upp Upp Zhi Pro Fac Upp Upp War Pro Res Qua Sec Res Tes Acc Used RIF Installer . | . . . . . . . . . . . . . . . . . . . . . . . . . . . . . . . Robots Hacked . | . . . . . . . . . . . . . . . . . . . . . . . . . . . . . . . Non-combat . | . . . . . . . . . . . . . . . . . . . . . . . . . . . . . . . Combat . | . . . . . . . . . . . . . . . . . . . . . . . . . . . . . . . Robot Hacks Applied . | . . . . . . . . . . . . . . . . . . . . . . . . . . . . . . . Relay Couplers Released . | . . . . . . . . . . . . . . . . . . . . . . . . . . . . . . . Fabnet Peak Effective % . | . . . . . . . . . . . . . . . . . . . . . . . . . . . . . . . Robots Rewired 13 | . . . . . . . . . . . 6 . . . . . . . . . . . 4 2 . . . . 1 . Allies Hacked . | . . . . . . . . . . . . . . . . . . . . . . . . . . . . . . . Hacks Repelled . | . . . . . . . . . . . . . . . . . . . . . . . . . . . . . . . Allies | -11 -10 -9 -9 -8 -7 -7 -7 -7 -6 -6 -6 -6 -6 -6 -5 -5 -5 -5 -4 -4 -4 -4 -4 -3 -3 -3 -3 -2 -2 -1 -------- Run | Scr Mat Mat Min Mat Fac Low Low Dat Pro Fac Ext Cet Arc Hub Fac Upp Upp Zhi Pro Fac Upp Upp War Pro Res Qua Sec Res Tes Acc Total Allies 38 | . . . . . . . . . . 5 18 . . 2 . . . . . 3 . . 4 2 1 1 . . 2 . Largest Group 8 | . . . . . . . . . . 4 8 1 1 2 . . . . . 2 . . 4 6 6 1 . . 1 . Highest-Rated Group 319 | . . . . . . . . . . 86 319 39 39 50 . . . . . 92 . . 235 318 277 26 . . 118 . Highest-Rated Ally 159 | . . . . . . . . . . 26 159 39 39 30 . . . . . 46 . . 65 65 65 26 . . 118 . Total Orders 6 | . . . . . . . . . . 1 2 . . . . . . . . . . . . . 2 1 . . . . STAY 3 | . . . . . . . . . . 1 . . . . . . . . . . . . . . 1 1 . . . . FOLLOW 1 | . . . . . . . . . . . . . . . . . . . . . . . . . 1 . . . . . EXPLORE 2 | . . . . . . . . . . . 2 . . . . . . . . . . . . . . . . . . . Ally Attacks 212 | . . . . . . . . . . 10 140 15 7 5 . . . . . . . . 13 20 2 . . . . . Total Damage 4491 | . . . . . . . . . . 218 2483 233 32 148 . . . . . . . . 541 711 125 . . . . . Kills 33 | . . . . . . . . . . 2 18 4 1 . . . . . . . . . 3 4 1 . . . . . Allies Corrupted 1 | . . . . . . . . . . . 1 . . . . . . . . . . . . . . . . . . . Allies Melted 5 | . . . . . . . . . . . 1 . 1 . . . . . . . . . . . . . . 3 . . Intel | -11 -10 -9 -9 -8 -7 -7 -7 -7 -6 -6 -6 -6 -6 -6 -5 -5 -5 -5 -4 -4 -4 -4 -4 -3 -3 -3 -3 -2 -2 -1 ------- Run | Scr Mat Mat Min Mat Fac Low Low Dat Pro Fac Ext Cet Arc Hub Fac Upp Upp Zhi Pro Fac Upp Upp War Pro Res Qua Sec Res Tes Acc Robot Analysis Total 5 | . . . . . . . . . . . 1 . . . . . . 4 . . . . . . . . . . . . Derelict Logs Recovered 9 | . . . 2 . . 2 . . 1 . . . . . . 1 1 . 1 . 1 . . . . . . . . . Drone Launches 2 | . . . . . . . . . . . 2 . . . . . . . . . . . . . . . . . . . Drone Recoveries 1 | . . . . . . . . . . . 1 . . . . . . . . . . . . . . . . . . . Exploration | -11 -10 -9 -9 -8 -7 -7 -7 -7 -6 -6 -6 -6 -6 -6 -5 -5 -5 -5 -4 -4 -4 -4 -4 -3 -3 -3 -3 -2 -2 -1 ------------- Run | Scr Mat Mat Min Mat Fac Low Low Dat Pro Fac Ext Cet Arc Hub Fac Upp Upp Zhi Pro Fac Upp Upp War Pro Res Qua Sec Res Tes Acc Turns Passed 11654 | 56 251 293 138 105 251 473 281 64 346 634 704 134 68 319 217 135 223 73 446 423 193 312 478 594 199 722 883 554 769 1316 Spaces Moved 18487 | 52 210 213 366 227 705 441 444 118 563 714 721 90 44 241 546 412 628 173 658 739 465 447 773 978 324 971 1355 1130 1205 2534 Core 7 | 7 . . . . . . . . . . . . . . . . . . . . . . . . . . . . . . Treads 132 | . . 32 . . . . . . . . . . . . . . . . . . . . . . . . . 100 . . Legs 1772 | . . . . . . 3 . . . 6 91 90 44 127 . . . . . . . . . . . . 27 442 378 564 Wheels 255 | 45 210 . . . . . . . . . . . . . . . . . . . . . . . . . . . . . Hover 7360 | . . . . . . . . . . . . . . . . . . . . 707 465 447 773 978 324 971 1013 370 457 855 Flight 8078 | . . 181 366 227 705 438 444 118 563 708 630 . . 114 546 412 628 173 658 32 . . . . . . . 2 248 885 Fastest Speed 25 | 50 90 31 31 26 26 29 40 40 40 36 32 120 120 32 32 32 32 25 25 25 36 41 39 39 39 47 40 38 38 35 Average Speed 42 | 85 90 51 31 27 29 32 40 40 40 48 60 120 120 98 32 32 32 29 25 38 37 41 39 39 44 51 50 39 48 39 Slowest Speed 260 | 100 100 160 31 31 32 78 40 40 40 148 190 120 120 260 37 32 32 99 25 110 41 41 41 39 47 110 202 58 69 69 Overloaded Moves . | . . . . . . . . . . . . . . . . . . . . . . . . . . . . . . . Propulsion Burnouts . | . . . . . . . . . . . . . . . . . . . . . . . . . . . . . . . Robots Hopped 16 | . . . . . 1 . . . . 4 10 . . . 1 . . . . . . . . . . . . . . . Cave-ins Triggered 1 | . . . . . . . . . . . . . . . . . . . . 1 . . . . . . . . . . Teleports 1 | . . . . . . . . . . . . . . . . . . . . . . . . . . . . . 1 . Microwarps 70 | . . . . . . . . . . . . . . . . . . . . . . . . . . . 24 19 12 15 Exploration Rate (%) 55 | 4 37 29 82 22 29 53 68 77 67 14 67 65 75 31 20 55 80 62 68 23 61 59 90 90 14 96 78 29 85 77 Regions Visited 30 Branch Regions 20 Pre-discovered Areas 9 | . . . 2 . . . . 1 1 . . . . . . . 1 3 . . . . 1 . . . . . . . Known Exits Taken 19 | . 1 . . . 1 . . . . 1 1 1 1 1 1 1 1 1 1 1 1 1 1 1 1 1 . . . . Unknown Exits Taken 11 | 1 . 1 1 1 . 1 1 1 1 . . . . . . . . . . . . . . . . . 1 1 1 . Scrap Searched 21 | . . . 2 . . 4 5 . 2 . . . . . . 2 1 . 3 . 1 . . 1 . . . . . . Spaces Dug 237 | . . . . . 2 6 7 . 7 20 1 . . 8 . . . . 1 10 1 4 3 . 7 40 19 7 54 40 Terrain Destroyed 1406 | . . . . . 9 36 32 . 7 20 171 78 . 16 . . 58 . 1 90 1 105 82 212 7 59 66 20 66 270 Melee 99 | . . . . . 2 6 7 . 7 20 1 . . . . . . . 1 10 1 4 3 . 7 8 9 6 . 7 Projectile 386 | . . . . . . . . . . . 6 . . 6 . . . . . . . . . . . 4 57 7 56 250 AOE 921 | . . . . . 7 30 25 . . . 164 78 . 10 . . 58 . . 80 . 101 79 212 . 47 . 7 10 13 Terrain Rammed . | . . . . . . . . . . . . . . . . . . . . . . . . . . . . . . . Walls Destroyed . | . . . . . . . . . . . . . . . . . . . . . . . . . . . . . . . Machines Disabled . | . . . . . . . . . . . . . . . . . . . . . . . . . . . . . . . Actions | -11 -10 -9 -9 -8 -7 -7 -7 -7 -6 -6 -6 -6 -6 -6 -5 -5 -5 -5 -4 -4 -4 -4 -4 -3 -3 -3 -3 -2 -2 -1 --------- Run | Scr Mat Mat Min Mat Fac Low Low Dat Pro Fac Ext Cet Arc Hub Fac Upp Upp Zhi Pro Fac Upp Upp War Pro Res Qua Sec Res Tes Acc Total 20836 | 60 237 316 389 267 748 746 520 133 667 966 920 103 59 300 584 414 645 193 937 844 475 560 926 1158 365 1139 1274 1042 1273 2576 Wait 1793 | . 2 5 21 1 18 271 53 11 88 213 78 . 16 20 13 3 11 1 274 35 2 94 64 144 21 59 60 47 65 103 Move 17615 | 51 209 212 365 226 702 440 443 117 562 705 703 89 43 240 543 411 627 172 657 738 464 446 772 977 323 970 1063 933 1094 2318 Hop 13 | . . . . . 1 . . . . 4 7 . . . 1 . . . . . . . . . . . . . . . Pick Up 138 | 3 6 6 1 13 5 4 2 2 2 7 4 . . 1 4 . 1 5 1 10 2 2 6 . 1 13 11 6 5 15 Fast Attach 115 | 6 . 12 1 3 2 4 . . 2 4 7 . . 1 8 . . 7 1 10 . . 3 . . 10 16 4 10 4 Attach 81 | . . 6 . 3 4 1 . . 1 . 7 2 . 5 3 . 1 1 1 3 . 3 2 . 1 10 14 3 1 9 Detach 57 | . . 4 . . 3 1 . . . 1 7 . . 2 3 . 1 3 2 3 . 1 1 . 1 6 10 3 2 3 Swap 39 | . . 3 . 3 1 1 2 . . 2 3 . . 2 1 . . 1 . 2 1 . 1 . . 4 2 . 6 4 Drop 184 | . 1 13 1 15 8 7 2 2 2 6 6 . . 5 8 . . 3 . 18 1 2 8 . 3 21 22 7 14 9 Fire 413 | . 19 55 . 3 1 3 2 . . . 39 12 . 24 . . 4 . . . . 6 8 29 . 28 26 14 49 91 Melee 258 | . . . . . 3 14 16 1 10 24 20 . . . . . . . 1 25 5 6 7 . 15 18 50 23 . 20 Ram . | . . . . . . . . . . . . . . . . . . . . . . . . . . . . . . . Kick . | . . . . . . . . . . . . . . . . . . . . . . . . . . . . . . . Crush . | . . . . . . . . . . . . . . . . . . . . . . . . . . . . . . . Escape Stasis 4 | . . . . . . . . . . . . . . . . . . . . . . . . . . . . . 4 . Rewire 126 | . . . . . . . . . . . 39 . . . . . . . . . . . 54 8 . . . 2 23 . Trap . | . . . . . . . . . . . . . . . . . . . . . . . . . . . . . . . Miscellaneous . | . . . . . . . . . . . . . . . . . . . . . . . . . . . . . . . Route ------- -11/Scrapyard -10/Materials (discovered 3 exits: *Mat x3) -9/Materials -9/Mines (discovered 2 exits: *Mat x2) -8/Materials -7/Factory (discovered 3 exits: Sto / *Low x2) -7/Lower Caves -7/Lower Caves (discovered 2 exits: *Fac / *Dat) -7/Data Miner -6/Proximity Caves -6/Factory (discovered 5 exits: *Fac / *Low x2 / *Ext x2) -6/Extension (discovered 2 exits: *Fac / *Cet) -6/Cetus -6/Archives (discovered 2 exits: *Hub x2) -6/Hub_04(d) -5/Factory (discovered 2 exits: *Upp x2) -5/Upper Caves -5/Upper Caves (discovered 2 exits: *Fac / *Zhi) -5/Zhirov -4/Proximity Caves -4/Factory (discovered 3 exits: *Res / *Upp x2) -4/Upper Caves -4/Upper Caves -4/Warlord -3/Proximity Caves -3/Research -3/Quarantine (discovered 2 exits: *Res / *Sec) -3/Section 7 -2/Research (discovered 2 exits: *Acc / *Tes) -2/Testing -1/Access To Epsilon Eridani History --------- Turn | Location | Event 23 | -11/Scrapyard | Discovered new exit (range 16) 57 | -11/Scrapyard | Entered Materials 66 | -10/Materials | Identified exit to Materials 168 | -10/Materials | Destroyed 7 combat bots 308 | -10/Materials | Build established: Mutant 308 | -10/Materials | Entered another Materials area 308 | -9/Materials | Evolved 2 slots: Propulsion x2 440 | -9/Materials | Destroyed 10 combat bots 495 | -9/Materials | Lost 3 parts (1p1n1w) 597 | -9/Materials | Discovered new exit (range 13) 601 | -9/Materials | Entered Mines 667 | -9/Mines | Learned location of Storage (-7) 717 | -9/Mines | Discovered new exit (range 8) 725 | -9/Mines | Discovered new exit (range 8) 739 | -9/Mines | Entered Materials 739 | -8/Materials | Evolved 2 slots: Utility x2 822 | -8/Materials | Discovered new exit (range 15) 844 | -8/Materials | Entered Factory 844 | -7/Factory | Evolved 2 slots: Utility x2 846 | -7/Factory | Found Scrap Engine 1052 | -7/Factory | Identified exit to Storage 1052 | -7/Factory | Identified exit to Lower Caves 1095 | -7/Factory | Entered Lower Caves 1218 | -7/Lower Caves | Learned Extension trap positions 1218 | -7/Lower Caves | Learned Research stockpile data 1275 | -7/Lower Caves | Build established: Sprinter 1494 | -7/Lower Caves | Learned Factory security intel 1502 | -7/Lower Caves | Learned 8 Factory zone layouts 1556 | -7/Lower Caves | Discovered new exit (range 15) 1568 | -7/Lower Caves | Entered another Lower Caves area 1588 | -7/Lower Caves | Discovered new exit (range 15) 1793 | -7/Lower Caves | Build established: Mutant 1826 | -7/Lower Caves | Discovered new exit (range 13) 1849 | -7/Lower Caves | Entered Data Miner 1849 | -7/Data Miner | Discovered new exit (range 6) 1857 | -7/Data Miner | Met Data Miner 1864 | -7/Data Miner | Learned location of Section 7 (-3) 1864 | -7/Data Miner | Acquired the access code to Warlord's prototype stash 1871 | -7/Data Miner | Received God Mode back door access code from Data Miner 1885 | -7/Data Miner | Destroyed Data Miner 1888 | -7/Data Miner | Found Prototype Hackware 1890 | -7/Data Miner | Found Prototype Hackware 1902 | -7/Data Miner | Data Conduit disabled 1913 | -7/Data Miner | Entered Proximity Caves 1930 | -6/Proximity Caves | Spotted B-75 Beast 2254 | -6/Proximity Caves | Discovered new exit (range 5) 2259 | -6/Proximity Caves | Entered Factory 2259 | -6/Factory | Evolved 2 slots: Propulsion x1, Utility x1 2260 | -6/Factory | Identified exit to Extension 2260 | -6/Factory | Identified exit to Lower Caves 2365 | -6/Factory | Build established: Derelict-Mutant 2473 | -6/Factory | Identified Deep Network Scanner 2608 | -6/Factory | Fabricated Lgt. Regenerative Plating (x1) 2686 | -6/Factory | Fabricated Smartbomb Launcher (x1) 2703 | -6/Factory | Build established: Hacker-Mutant 2807 | -6/Factory | Discovered new exit (range 16) 2893 | -6/Factory | Entered Extension 2894 | -6/Extension | Loaded intel: 25 trap records 2914 | -6/Extension | Rescued a captive Derelict 2915 | -6/Extension | Rescued a captive Derelict 2929 | -6/Extension | Rescued a captive Derelict 2988 | -6/Extension | Rescued a captive Derelict 3041 | -6/Extension | Rescued a captive Derelict 3042 | -6/Extension | Rescued a captive Derelict 3243 | -6/Extension | First assault squad dispatched 3258 | -6/Extension | Rescued A7 3259 | -6/Extension | Identified Ghost Barrier 3267 | -6/Extension | Rescued a captive Derelict 3301 | -6/Extension | Spotted B-75 Beast 3304 | -6/Extension | Spotted B-75 Beast 3312 | -6/Extension | Extracted ID and sensor layout for unrecognized location from A7's data core 3410 | -6/Extension | Rescued a captive Derelict 3411 | -6/Extension | Rescued a captive Derelict 3425 | -6/Extension | Rescued a captive Derelict 3427 | -6/Extension | Rescued a captive Derelict 3569 | -6/Extension | Discovered new exit (range 10) 3570 | -6/Extension | Discovered new exit (range 6) 3579 | -6/Extension | Identified exit to Factory 3596 | -6/Extension | Identified exit to Cetus 3597 | -6/Extension | Entered Cetus 3597 | -6/Cetus | Accompanied by 1 ally 3609 | -6/Cetus | Spotted Cetus Guard 3609 | -6/Cetus | Spotted Cetus Guard 3610 | -6/Cetus | Spotted Cetus Guard 3610 | -6/Cetus | Spotted Cetus Guard 3622 | -6/Cetus | Allies destroyed Cetus Guard 3626 | -6/Cetus | Allies destroyed Cetus Guard 3630 | -6/Cetus | Destroyed Cetus Guard 3637 | -6/Cetus | Allies destroyed Cetus Guard 3706 | -6/Cetus | Discovered new exit (range 22) 3730 | -6/Cetus | Identified exit to Archives 3731 | -6/Cetus | Entered Archives 3731 | -6/Archives | Accompanied by 1 ally 3746 | -6/Archives | Met Zhirov 3747 | -6/Archives | Discovered new exit (range 22) 3752 | -6/Archives | Reinforcements dispatched to Archives 3752 | -6/Archives | Discovered new exit (range 21) 3760 | -6/Archives | Read partially decrypted archive contents 3778 | -6/Archives | Identified exit to Hub_04(d) 3797 | -6/Archives | Reinforcements dispatched to Archives 3799 | -6/Archives | Zhirov warped through subspace 3799 | -6/Archives | Entered Hub_04(d) 3965 | -6/Hub_04(d) | Garrison activated, responded to threat 4007 | -6/Hub_04(d) | Lost 5 parts (1p2n1u1w) 4076 | -6/Hub_04(d) | Network Hub disabled 4115 | -6/Hub_04(d) | Discovered exit to Factory (range 8) 4118 | -6/Hub_04(d) | Entered Factory 4118 | -5/Factory | Evolved 2 slots: Utility x1, Weapon x1 4244 | -5/Factory | Discovered new exit (range 12) 4244 | -5/Factory | Identified exit to Upper Caves 4335 | -5/Factory | Entered Upper Caves 4366 | -5/Upper Caves | Encountered a Warlord checkpoint 4426 | -5/Upper Caves | Build established: Hacker-Sprinter 4446 | -5/Upper Caves | Discovered new exit (range 8) 4450 | -5/Upper Caves | Learned 4 Factory zone layouts 4466 | -5/Upper Caves | Identified exit to Upper Caves 4470 | -5/Upper Caves | Entered another Upper Caves area 4473 | -5/Upper Caves | Learned location of Armory (-3) 4490 | -5/Upper Caves | Discovered new exit (range 6) 4492 | -5/Upper Caves | Identified exit to Factory 4519 | -5/Upper Caves | Learned Extension trap positions 4519 | -5/Upper Caves | Learned Factory emergency access door positions 4539 | -5/Upper Caves | Encountered a Warlord checkpoint 4679 | -5/Upper Caves | Discovered new exit (range 14) 4693 | -5/Upper Caves | Identified exit to Zhirov 4693 | -5/Upper Caves | Entered Zhirov 4693 | -5/Zhirov | Discovered new exit (range 3) 4705 | -5/Zhirov | Learned location of Quarantine (-3) 4705 | -5/Zhirov | Learned location of Testing (-2) 4705 | -5/Zhirov | Learned location of Command (-1) 4718 | -5/Zhirov | Found Alien Artifact 4718 | -5/Zhirov | Identified Integrated Reactor 4718 | -5/Zhirov | Installed Integrated Reactor, increased core energy generation (+10) 4754 | -5/Zhirov | Found Alien Artifact 4766 | -5/Zhirov | Identified exit to Proximity Caves 4766 | -5/Zhirov | Entered Proximity Caves 4848 | -4/Proximity Caves | Learned Research interactive machine intel 5165 | -4/Proximity Caves | Discovered exit to Factory (range 5) 5212 | -4/Proximity Caves | Entered Factory 5212 | -4/Factory | Evolved 2 slots: Propulsion x2 5243 | -4/Factory | Found Prototype Slashing Weapon 5243 | -4/Factory | Identified Molecular Scythe 5245 | -4/Factory | Found Molecular Scythe 5247 | -4/Factory | Found Molecular Scythe 5335 | -4/Factory | Found Imp. Powered Armor 5337 | -4/Factory | Found Imp. Powered Armor 5498 | -4/Factory | Identified exit to Upper Caves 5522 | -4/Factory | Build established: Hacker-Mutant 5554 | -4/Factory | Crushed by falling debris 5583 | -4/Factory | Fabricated Exp. Optical Array? 5595 | -4/Factory | Destroyed 8 combat bots 5608 | -4/Factory | Found Quantum Capacitor 5622 | -4/Factory | Discovered new exit (range 14) 5624 | -4/Factory | Fabricated X-72 Disruptor? 5635 | -4/Factory | Entered Upper Caves 5678 | -4/Upper Caves | Attracted the attention of an 0b10 checkpoint 5731 | -4/Upper Caves | Learned Research trap positions 5795 | -4/Upper Caves | Found Alien Artifact 5799 | -4/Upper Caves | Discovered new exit (range 16) 5826 | -4/Upper Caves | Identified exit to Upper Caves 5826 | -4/Upper Caves | Identified Core Expander 5826 | -4/Upper Caves | Installed Core Expander, added new Propulsion slot 5828 | -4/Upper Caves | Entered another Upper Caves area 6133 | -4/Upper Caves | Discovered new exit (range 9) 6137 | -4/Upper Caves | Identified exit to Warlord 6140 | -4/Upper Caves | Entered Warlord 6154 | -4/Warlord | System corruption cleaned by Quarantine Array 6208 | -4/Warlord | Met Warlord 6213 | -4/Warlord | Opened Warlord's prototype stash 6231 | -4/Warlord | Found Ghost Barrier 6233 | -4/Warlord | Warlord's base attacked by MAIN.C 6266 | -4/Warlord | Learned Research emergency access door positions 6266 | -4/Warlord | Learned 4 Armory zone layouts 6267 | -4/Warlord | Learned Factory fabricator intel 6267 | -4/Warlord | Learned Factory scanalyzer intel 6416 | -4/Warlord | Found Prototype Piercing Weapon 6417 | -4/Warlord | Found Prototype Piercing Weapon 6449 | -4/Warlord | Found Signal Generator 6486 | -4/Warlord | Warlord forces counterattacked 6544 | -4/Warlord | Spotted Striker 6544 | -4/Warlord | Spotted Executioner 6548 | -4/Warlord | Destroyed Striker 6548 | -4/Warlord | Destroyed Executioner 6557 | -4/Warlord | Spotted Executioner 6569 | -4/Warlord | Destroyed 15 combat bots 6575 | -4/Warlord | Discovered new exit (range 14) 6578 | -4/Warlord | Found Prototype Device 6578 | -4/Warlord | Identified Adv. Kinecellerator 6586 | -4/Warlord | Identified exit to Proximity Caves 6618 | -4/Warlord | Entered Proximity Caves 6618 | -3/Proximity Caves | Accompanied by 4 allies 6645 | -3/Proximity Caves | Attracted the attention of an 0b10 outpost 6678 | -3/Proximity Caves | Destroyed 7 combat bots 6994 | -3/Proximity Caves | Spotted B-86 Titan 7071 | -3/Proximity Caves | Discovered new exit (range 9) 7076 | -3/Proximity Caves | Identified exit to Research 7197 | -3/Proximity Caves | Received a Behemoth hack from an annoying Tinkerer 7212 | -3/Proximity Caves | Entered Research 7212 | -3/Research | Accompanied by 5 allies 7212 | -3/Research | Evolved 2 slots: Power x1, Weapon x1 7213 | -3/Research | Loaded intel: 89 trap records 7213 | -3/Research | Identified exit to DSF 7216 | -3/Research | Loaded intel: 44 interactive machine locations 7247 | -3/Research | Identified Vortex Lance (x2) 7308 | -3/Research | Identified Transdimensional Reconstructor 7329 | -3/Research | Fabricated R-06 Scavenger? 7407 | -3/Research | Discovered new exit (range 9) 7410 | -3/Research | Identified exit to Quarantine 7411 | -3/Research | Entered Quarantine 7415 | -3/Quarantine | Found Alien Artifact 7574 | -3/Quarantine | Discovered new exit (range 15) 7609 | -3/Quarantine | Found Alien Impact Weapon 7609 | -3/Quarantine | Identified Core Stripper 7624 | -3/Quarantine | Found Alien Artifact 7624 | -3/Quarantine | Identified Subatomic Replicator 7715 | -3/Quarantine | Found Alien Artifact 7715 | -3/Quarantine | Identified Phase Redirector 7730 | -3/Quarantine | Found Alien Artifact 7730 | -3/Quarantine | Identified Phase Armor 7808 | -3/Quarantine | Found Alien Artifact 7808 | -3/Quarantine | Identified Terrabomb 7808 | -3/Quarantine | Used Terrabomb 7817 | -3/Quarantine | Found Terrabomb 7822 | -3/Quarantine | Found Terrabomb 7868 | -3/Quarantine | Identified Core Reset Matrix 7907 | -3/Quarantine | Met incapacitated Sigix Warrior 7907 | -3/Quarantine | Lockdown squad dispatched 7930 | -3/Quarantine | Found Alien Energy Cannon 7941 | -3/Quarantine | Found Alien Slashing Weapon 8007 | -3/Quarantine | Scanned by Researcher 8042 | -3/Quarantine | System corruption reached 10% 8078 | -3/Quarantine | Spotted Fortress 8111 | -3/Quarantine | Discovered new exit (range 5) 8112 | -3/Quarantine | Identified exit to Section 7 8113 | -3/Quarantine | Identified Core Cannon 8114 | -3/Quarantine | Identified Sigix Broadsword 8133 | -3/Quarantine | Entered Section 7 8456 | -3/Section 7 | Found Integrated Reactor 8456 | -3/Section 7 | Installed Integrated Reactor, increased core energy generation (+10) 8477 | -3/Section 7 | Discovered new exit (range 10) 8594 | -3/Section 7 | Build established: Infiltrator-Construct 8602 | -3/Section 7 | Found Alien Artifact 8602 | -3/Section 7 | Identified Microwarp Drive 8638 | -3/Section 7 | Spotted Alpha 7 8639 | -3/Section 7 | Spotted Alpha 7 8717 | -3/Section 7 | Destroyed Alpha 7 8754 | -3/Section 7 | Spotted B-99 Colossus 8755 | -3/Section 7 | Core integrity fell below 50% 8783 | -3/Section 7 | Found Alien Artifact 8783 | -3/Section 7 | Identified LRC Armor 8783 | -3/Section 7 | Installed LRC Armor, increased core integrity (+250) 8785 | -3/Section 7 | Found Alien Artifact 8785 | -3/Section 7 | Identified LRC Boosters 8785 | -3/Section 7 | Installed LRC Boosters, increased mass support (+10) 8789 | -3/Section 7 | Found Alien Artifact 8789 | -3/Section 7 | Identified LRC Matter Compressor 8789 | -3/Section 7 | Installed LRC Matter Compressor, increased matter storage capacity (+125) 8862 | -3/Section 7 | Found Alien Artifact 8919 | -3/Section 7 | First assault squad dispatched 8921 | -3/Section 7 | Spotted Striker 8921 | -3/Section 7 | Spotted Striker 8926 | -3/Section 7 | Used Terrabomb 8926 | -3/Section 7 | Spotted Striker 8926 | -3/Section 7 | Spotted Striker 8926 | -3/Section 7 | Spotted Executioner 8926 | -3/Section 7 | Spotted Executioner 8948 | -3/Section 7 | Spotted B-86 Titan 8972 | -3/Section 7 | Build established: Construct 9013 | -3/Section 7 | Core integrity fell below 20% 9016 | -3/Section 7 | Entered Research 9016 | -2/Research | Warlord forces began assault on 0b10 9016 | -2/Research | Evolved 2 slots: Weapon x2 9019 | -2/Research | Found Quantum Capacitor 9126 | -2/Research | Research machine network offline 9233 | -2/Research | Found Prototype Launcher 9338 | -2/Research | Identified Com. Tesla Bomb Launcher 9378 | -2/Research | Discovered new exit (range 6) 9479 | -2/Research | Borebot progress halted 9503 | -2/Research | Spotted Striker 9536 | -2/Research | Discovered new exit (range 13) 9565 | -2/Research | Spotted Executioner 9565 | -2/Research | Spotted Executioner 9567 | -2/Research | Spotted Executioner 9568 | -2/Research | Spotted Striker 9569 | -2/Research | Core integrity fell below 50% 9570 | -2/Research | Entered Testing 9584 | -2/Testing | Spotted PD-RIU39ZVZ0K 9609 | -2/Testing | Rewired PD-RIU39ZVZ0K 9617 | -2/Testing | Protovariant out of control (PD-RIU39ZVZ0K) 9651 | -2/Testing | Found Prototype Device 9651 | -2/Testing | Identified Exp. Hardlight Generator 9702 | -2/Testing | Spotted Striker 9738 | -2/Testing | Identified Hpw. Transdimensional Reconstructor 9738 | -2/Testing | Warped through subspace 9741 | -2/Testing | Spotted PY-4GVO03ZBXG 9748 | -2/Testing | Protovariant out of control (PY-4GVO03ZBXG) 9748 | -2/Testing | Unleashed a protovariant (PY-4GVO03ZBXG) 9751 | -2/Testing | Spotted Investigator 9781 | -2/Testing | Discovered new exit (range 15) 9820 | -2/Testing | Search patrols dispatched 9823 | -2/Testing | Destroyed Investigator 9857 | -2/Testing | Fabricated A-02 Transporter? 9858 | -2/Testing | Found Prototype Processor 9858 | -2/Testing | Identified Exp. Targeting Computer 9861 | -2/Testing | Found Exp. Targeting Computer 10011 | -2/Testing | Found Prototype Protection 10011 | -2/Testing | Identified Med. Regenerative Plating 10015 | -2/Testing | Found Prototype Protection 10023 | -2/Testing | Found Prototype Hackware 10065 | -2/Testing | Found Prototype Device 10065 | -2/Testing | Identified Exp. Shock Absorption System 10114 | -2/Testing | First assault squad dispatched 10115 | -2/Testing | Found Prototype Device 10115 | -2/Testing | Identified Exp. Transmission Jammer 10339 | -2/Testing | Entered Access 10339 | -1/Access | Evolved 2 slots: Utility x2 10340 | -1/Access | Used Subatomic Replicator to replicate Prototype Protection 10342 | -1/Access | Identified SHELL Armor 10565 | -1/Access | Destroyed 7 combat bots 10589 | -1/Access | First assault squad dispatched 10743 | -1/Access | Spotted B-99 Colossus 10817 | -1/Access | Found Quantum Capacitor 10896 | -1/Access | Spotted B-99 Colossus 10918 | -1/Access | Spotted B-99 Colossus 10983 | -1/Access | High security lockdown imminent 11063 | -1/Access | High security lockdown engaged 11192 | -1/Access | System corruption reached 10% 11245 | -1/Access | Spotted Striker 11332 | -1/Access | Lost 4 parts (1p1n2w) 11397 | -1/Access | Spotted Striker 11397 | -1/Access | Spotted Executioner 11474 | -1/Access | Lost 9 parts (1p4n1u3w) 11515 | -1/Access | Used Terrabomb 11579 | -1/Access | Core integrity fell below 50% 11593 | -1/Access | Build established: Mutant 11594 | -1/Access | Spotted B-99 Colossus 11595 | -1/Access | Spotted B-99 Colossus 11606 | -1/Access | Discovered new exit (range 5) 11655 | *** | Escaped! Last Messages --------------- 11595_ Slug penetrates Sealed Heavy Doors. 11596_ Penetrated by Slug. 11596_ Sealed Heavy Doors breached. 11599_ System corrupted: Nova Cannon failed to cycle. 11599_ Penetrated by Slug. 11599_ Slug penetrates Sealed Heavy Doors. 11601_ System corrupted: Matter fused (-6). 11602_ Slug penetrates Sealed Heavy Doors. 11602_ Penetrated by Slug. 11603_ Slug penetrates Sealed Heavy Doors. 11605_ Microwarped (distance 3). 11606_ Main Access Shell breached. 11606_ EXIT=FOUND 11606_ Slug penetrates Sealed Heavy Doors. 11608_ Microwarped (distance 3). 11618_ System corrupted: Substantial component data lost. 11634_ System corrupted: Heat flow error (+162). 11654_ C-30 ARC bursts open, deploying its payload. 11654_ G-73 Enforcer unfolds itself. 11654_ Exp. Hardlight Generator destroyed. Map ----- +----------------------------------------------------+ | ???????? # ## """"" #????#?????# | | ???????? # ## ""Y"" #????# ????# | | ???????? # ## #????# ????# | | ???????? # ## #????# ???# | | ???????###### ## #????# ???# | | ????????????# #? ! [ #????# ??# | | ????????????# #??? #????# ??# | | ????????????# #????? ###### ?# | | ?????????##########/#############+### # ?+ | | ????? #? # | | ????? #??? # | | ????????######################+###### ####### | | ???????????????????????????? ???## ## # | | ??????????????????????????! ??# ## # | | ????????????????????????! ## "" # | | ??????????????????????!! ## ## # | | ?????????????????????#!! ! ## ## # | | ?????????????????????# ## ## / | | ?????????????????????################# ## # | | ?????????????????????????????????????# ## # | | ?????????#########??###???????"####### ## # | | ?????????# "??" ???????" ## # | | ?????????# "??" ???????" ## #%% | | ######+### "??" """"""??" ## # | | % "??" " "??" ######## | | ""?" " "@ "??" #??????# | | """gge"" "??" #??????### | | % "Cgg " "??" #??????### | | " ### %%"""" """"""??" #????????? | | """ #?# "??" ???????"""" """ #????????? | | """ #?# "??" ???????""""T""" #????????? | | " #?#########??####??????"####### #????????? | | !% ###???????????????????????????# #????????? | | #???????????????????????????# #?######## | | #???????????????????????????# # | | ####"#####???????????????????????????# # | | #???##???????????????????????????????# + | | #??????????????????????############### # | | #??????????????????????# # | | #??????????????????????# #? " | | #??????????????????????#+###### ########? """ | | #?????????????????????????????# #?? #?? """ | | #?????????????????????????????# # ! #?? " ? | | #?????????????????????????????# + #??? | | #????####?????????????????????# # #??? ? | | ###### #?????????????????????# #?? ] #???? ? | | +?????????????????????# #???? #????##### | | #?????????????????????# #??????#????????? | | ###### #?????????????????????# #???????????????? | | ###### #?????????????????????# #??????#????????? | +----------------------------------------------------+ Best States ------------- Heat Dissipation 52 Energy Generation 85 Energy Capacity 2664 Matter Stores 425 Matter Capacity 550 Sight Range 22 Robot Scan Range 16 Terrain Scan Range 20 Terrain Scan Density 210 Jamming Range 22 Cloak Strength 3 Additional Mass Support 16 Base Temperature (-) 200 EM Shielding 4 Armor Coverage 1800 Core Shielding 40 Phase Shifting 15 Evasion (%) 74 Targeting Accuracy 12 Melee Accuracy 8 Recoil Reduction 5 Kinecelleration 50 Offensive Hacking 25 Defensive Hacking 31 Item Schematics ----------------- Combat Drone Bay | -7/Data Miner | Free Lgt. Regenerative Plating | -7/Data Miner | Free Cld. Cesium-ion Thruster | -7/Data Miner | Free Exp. Power Shielding | -7/Data Miner | Free Com. Ion Cannon | -7/Data Miner | Free Linear Gravjet | -7/Data Miner | Free Adv. System Restoration Module | -7/Data Miner | Free Enh. Gauss Cannon | -7/Data Miner | Free Adv. Cooling System | -7/Data Miner | Free Hardcell Cannon | -7/Data Miner | Free Smartbomb Launcher | -6/Factory | Hacked Assault Drone Bay | -5/Zhirov | Free Exp. Heat Sink | -5/Zhirov | Free Exp. Optical Array | -5/Zhirov | Free Imp. Arc Thrower | -5/Zhirov | Free Enh. Nova Cannon | -4/Factory | Hacked Quantum Reactor | -4/Factory | Hacked Antimatter Reactor | -4/Factory | Hacked Lgt. Quantum Reactor | -4/Factory | Hacked Rnf. Antimatter Reactor | -4/Factory | Hacked Adv. Heavy Treads | -4/Factory | Hacked Rnf. Quantum Reactor | -4/Factory | Hacked Antimissile System | -4/Factory | Hacked Biometal Medium Treads | -3/Research | Scanalyzed Robot Schematics ------------------ H-66 Slayer | -7/Data Miner | Free B-48 Gladiator | -7/Data Miner | Free E-15 Imp | -7/Data Miner | Free W-25 Informer | -7/Data Miner | Free A-15 Conveyor | -7/Data Miner | Free M-30 Cleanser | -4/Factory | Hacked B-60 Warrior | -4/Factory | Hacked Fabricated ------------ Lgt. Regenerative Plating | x1 | -6/Factory Smartbomb Launcher | x1 | -6/Factory Exp. Optical Array | x1 | -4/Factory X-72 Disruptor | x2 | -4/Factory | Preloaded R-06 Scavenger | x1 | -3/Research | Preloaded A-02 Transporter | x1 | -2/Testing | Preloaded Alien Tech Used ----------------- Integrated Reactor Core Expander Core Stripper Subatomic Replicator Phase Redirector Phase Armor Terrabomb Core Cannon Sigix Broadsword Microwarp Drive LRC Armor LRC Boosters LRC Matter Compressor High-powered Transdimensional Reconstructor Achievements -------------- None Challenges ------------ None Game ------ Seed ThiefBurstSpear Manual? 0 Play Time 07:25:33 Cumulative 360.1 hours Start 2022.09.12 @ 18:26:01 End 2022.09.15 @ 20:36:24 Sessions 7 Manual Loads 0 Difficulty Rogue Special Mode None Game No. 169 Rogue 165 Adventurer 0 Explorer 4 Win Type 0 Total 19 Types 5/1/2/4/1/2/3/0/1 Lore% 83 Gallery% 87 Achievement% 78 Wizard Run 0 Options --------- ASCII 0 Keyboard 0 Movement Mouse Keybinds 0 Fullscreen 1 Font 18/SmallcapsGlow Map View 76x50 Tactical HUD 1 Map Filters NONE Filters NONE Steam 1 RUN: ddfa8a18-ae49-48d8-8048-98976981a0f7